 Dungeon Crawl Stone Soup version 0.19-a0-1035-gdbfb0c6 (webtiles) character file.

8859 Gagarin the Blocker (level 11, -1/89 HPs)
             Began as a Formicid Fighter on July 29, 2016.
             Was an Elder of Cheibriados.
             Slain by an orc warrior
             ... wielding a +0 glaive
              (18 damage)
             ... on level 2 of the Orcish Mines.
             The game lasted 00:26:55 (7419 turns).

Gagarin the Blocker (Formicid Fighter)              Turns: 7419, Time: 00:26:55

Health: -1/89      AC: 17    Str: 31    XL:     11   Next: 63%
Magic:  12/13      EV: 10    Int: 21    God:    Cheibriados [****..]
Gold:   746        SH: 14    Dex: 20    Spells: 0 memorised, 10 levels left

rFire  . . .     SeeInvis +     y - +2 war axe (drain)
rCold  + . .     Gourm    .     v - +7 plate armour {ponderous}
rNeg   + . .     Faith    .     c - +0 shield
rPois  .         Spirit   .     (helmet unavailable)
rElec  .         Dismiss  .     S - +0 cloak
rCorr  .         Reflect  .     w - +0 pair of gloves
SustAt .         Harm     .     k - +0 pair of boots
MR     +....                    (no amulet)
Stlth  ..........               G - ring of protection from cold
                                B - ring of positive energy

@: corroded, very slow, somewhat resistant to hostile enchantments, extremely
unstealthy
A: permanent stasis, dig shafts and tunnels, four strong arms, antennae 3
a: Dig, Shaft Self, Bend Time, Temporal Distortion, Slouch, Renounce Religion


You were on level 2 of the Orcish Mines.
You worshipped Cheibriados.
Cheibriados was greatly pleased with you.
You were not hungry.

You visited 3 branches of the dungeon, and saw 12 of its levels.

You collected 768 gold pieces.
You spent 22 gold pieces at shops.

Inventory:

Hand Weapons
 y - a +2 war axe of draining (weapon)
 N - a +1 dire flail of venom
 O - a +0 broad axe
 Q - a +0 trident of piercing
 U - a +2 great mace of protection
Missiles
 q - 57 bolts
 F - 14 tomahawks (quivered)
 P - 5 poisoned javelins
Armour
 b - a +0 scale mail
 c - a +0 shield (worn)
 k - a +0 pair of boots (worn)
 t - a +0 plate armour
 v - a +7 plate armour of ponderousness (worn)
 w - a +0 pair of gloves (worn)
 S - a +0 cloak (worn)
 V - a +1 chain mail of poison resistance
Jewellery
 B - a ring of positive energy (left hand)
 G - a ring of protection from cold (right hand)
 L - an uncursed ring of fire
Wands
 j - a wand of iceblast (11/15)
 x - a wand of lightning (11/15)
 K - a wand of digging (20/24)
Scrolls
 a - a scroll of recharging {unknown}
 n - 3 scrolls of identify
 p - 5 scrolls of remove curse
 r - a scroll of random uselessness
 u - 2 scrolls of enchant armour {unknown}
 A - a scroll of blinking {unknown}
 H - 3 scrolls of fear
Potions
 d - a potion of berserk rage {unknown}
 e - 4 potions of agility
 i - 4 potions of curing {unknown}
 m - 2 potions of resistance {unknown}
 s - 2 potions of brilliance {unknown}
 z - 3 potions of mutation {unknown}
 E - 2 potions of haste {unknown}
 J - 2 potions of flight {unknown}
 M - a potion of invisibility {unknown}
Books
 D - a book of Power

   Spells                             Type                      Level
   a - Fulminant Prism                Conjuration/Hexes            4
   b - Iskenderun's Mystic Blast      Conjuration                  4
   c - Venom Bolt                     Conjuration/Poison           5
   d - Bolt of Magma                  Conjuration/Fire/Earth       5
   e - Iron Shot                      Conjuration/Earth            6
   f - Orb of Destruction             Conjuration                  7
   g - Spellforged Servitor           Conjuration/Summoning        7
 I - a book of Callings

   Spells                             Type                      Level
   a - Summon Small Mammal            Summoning                    1
   b - Call Imp                       Summoning                    2
   c - Call Canine Familiar           Summoning                    3
   d - Summon Guardian Golem          Hexes/Summoning              3
   e - Summon Lightning Spire         Summoning/Air                4
   f - Summon Ice Beast               Ice/Summoning                4
Miscellaneous
 T - a fan of gales
Comestibles
 f - 6 bread rations
 g - 3 meat rations
 h - 7 beef jerkies
 l - 3 royal jellies
 o - 7 slices of pizza


   Skills:
 + Level 9.0 Fighting
 + Level 10.1 Axes
 + Level 0.8 Throwing
 + Level 8.6 Armour
 + Level 3.0 Dodging
 + Level 1.0 Stealth
 + Level 10.9 Shields
 * Level 2.6 Invocations


You had 10 spell levels left.
You didn't know any spells.

Dungeon Overview and Level Annotations

Branches:
Dungeon (9/15)             Temple (1/1) D:6            Lair (0/6) D:9
    Orc (2/2) D:9             Elf (0/3) Orc:2

Altars:
Ashenzari
Cheibriados
Dithmenos
Elyvilon
Fedhas
Gozag
Hepliaklqana
Kikubaaqudgha
Makhleb
Nemelex Xobeh
Okawaru
Pakellas
Qazlal
Ru
Sif Muna
Trog
Uskayaw
Vehumet
Xom
Yredelemnul
Zin
The Shining One
Beogh

Shops:
D:7 !   Orc:2 =


Innate Abilities, Weirdness & Mutations

You are under a permanent stasis effect.
You can dig through walls and to a lower floor.
Your four strong arms can wield two-handed weapons with a shield.
You have a pair of large antennae on your head. (SInv)


Message History

The orc sorcerer hits you but does no damage.
You block the orc warrior's attack. You block the rust devil's attack.
You hit the orc sorcerer but do no damage.
The orc sorcerer is almost dead.
You block the orc sorcerer's attack. The orc warrior hits you with a glaive!
* * * LOW HITPOINT WARNING * * *
The rust devil hits you. The rust devil corrodes you!
The orc sorcerer casts a spell.
You bludgeon the orc sorcerer!!
You kill the orc sorcerer!
Cheibriados appreciates the change of pace.
The rust devil disappears in a puff of smoke!
The sun demon disappears in a puff of smoke!
Your Dodging skill increases to level 3!
The orc warrior closely misses you.
Wield which item (- for none, * to show all)? (? for menu, Esc to quit)
You feel less protected.
You sense an unholy aura.
y - a +2 war axe of draining (weapon)
The orc warrior hits you with a glaive!!
You die...

...........#...
.............#.#
..#............#
................
................
.............PP.
$.....).........
.......<@)......
........)o...P..
.....>..§..((.∩.
..........P...(.
................
..........^.P...
................
................


You could see an orc warrior.

Vanquished Creatures
  An orc warlord (Orc:1)
  An orc high priest (Orc:2)
  An orc knight (Orc:1)
  An orc sorcerer (Orc:2)
  A komodo dragon (D:9)
  A two-headed ogre (D:9)
  Prince Ribbit (D:7)
  A human (D:7)
  3 hippogriffs
  2 wargs (Orc:1)
  14 orc warriors
  A sky beast (D:8)
  A phantom (D:9)
  An ice beast (D:8)
  The ghost of herpmino the Chopper, an amateur FoFi (D:3)
  5 ogres
  2 centaurs
  3 giant frogs
  A scorpion (D:9)
  3 killer bees (D:9)
  4 wights (D:8)
  6 howler monkeys
  2 crimson imps
  A giant frog zombie (D:7)
  3 centaur skeletons (D:9)
  5 hounds
  10 orc priests
  A jelly (D:7)
  2 giant frog skeletons
  Terence (D:3)
  An iguana (D:5)
  Natasha (twice) (D:3)
  14 orc wizards
  4 worker ants
  4 sheep (D:7)
  A hound skeleton (D:7)
  A worker ant zombie (D:9)
  Robin (D:2)
  8 gnolls
  6 adders
  An ooze (D:7)
  5 worms
  6 giant geckos
  41 orcs
  6 giant cockroaches
  8 goblins
  11 hobgoblins
  2 quokkas (D:4)
  4 ball pythons
  5 bats (D:1)
  5 giant newts
  7 kobolds
  8 rats
231 creatures vanquished.

Vanquished Creatures (others)
  An orc (Orc:2)
  A plant (D:9)
2 creatures vanquished.

Grand Total: 233 creatures vanquished

Notes
Turn   | Place    | Note
-------+----------+-------------------------------------------
     0 | D:1      | Gagarin the Formicid Fighter began the quest for the Orb.
     0 | D:1      | Reached XP level 1. HP: 18/18 MP: 1/1
   171 | D:1      | Reached XP level 2. HP: 24/24 MP: 2/2
   843 | D:1      | Reached XP level 3. HP: 28/29 MP: 3/3
  1012 | D:2      | Reached XP level 4. HP: 17/37 MP: 4/4
  1228 | D:2      | Noticed Robin
  1236 | D:2      | Killed Robin
  1363 | D:2      | Reached skill level 1 in Dodging
  1767 | D:3      | Noticed Terence
  1778 | D:3      | Killed Terence
  1778 | D:3      | Reached XP level 5. HP: 38/42 MP: 5/5
  1959 | D:3      | Noticed herpmino's ghost (amateur FoFi)
  1983 | D:3      | Killed herpmino's ghost
  1983 | D:3      | Reached XP level 6. HP: 29/49 MP: 6/6
  2146 | D:3      | Reached skill level 5 in Shields
  2284 | D:3      | Noticed Natasha
  2286 | D:3      | Killed Natasha
  2412 | D:3      | Noticed Natasha
  2421 | D:3      | Killed Natasha
  2686 | D:4      | Reached XP level 7. HP: 55/55 MP: 7/7
  3122 | D:5      | Entered Level 5 of the Dungeon
  3127 | D:5      | Reached skill level 5 in Armour
  3245 | D:5      | Reached skill level 5 in Fighting
  3305 | D:5      | Reached XP level 8. HP: 60/62 MP: 8/8
  3658 | D:6      | Reached skill level 5 in Axes
  4292 | D:6      | Found a staircase to the Ecumenical Temple.
  4320 | Temple   | Entered the Ecumenical Temple
  4339 | Temple   | Became a worshipper of Cheibriados the Contemplative
  4762 | D:7      | Reached XP level 9. HP: 58/69 MP: 9/9
  4812 | D:7      | Found a basalt altar of Yredelemnul.
  4934 | D:7      | Found Gesadde's Distillery.
  4942 | D:7      | Bought 2 potions of degeneration for 22 gold pieces
  5070 | D:7      | Reached * piety under Cheibriados
  5359 | D:7      | Noticed Prince Ribbit
  5364 | D:7      | Killed Prince Ribbit
  5476 | D:8      | Reached ** piety under Cheibriados
  5566 | D:8      | Found a glowing silver altar of Zin.
  5686 | D:8      | Reached XP level 10. HP: 77/79 MP: 10/10
  6255 | D:9      | Noticed a komodo dragon
  6255 | D:9      | Reached *** piety under Cheibriados
  6279 | D:9      | Killed a komodo dragon
  6279 | D:9      | Reached skill level 1 in Stealth
  6290 | D:9      | Found a staircase to the Lair.
  6536 | D:9      | Reached skill level 10 in Shields
  6575 | D:9      | Found a staircase to the Orcish Mines.
  6645 | D:9      | Reached **** piety under Cheibriados
  6815 | Orc:1    | Entered Level 1 of the Orcish Mines
  6818 | Orc:1    | Reached XP level 11. HP: 87/87 MP: 11/11
  6880 | Orc:1    | Found a roughly hewn altar of Beogh.
  6990 | Orc:2    | Entered Level 2 of the Orcish Mines
  6990 | Orc:2    | Found a staircase to the Elven Halls.
  6990 | Orc:2    | Found Ymiox's Jewellery Shop.
  6990 | Orc:2    | Noticed an orc knight
  6990 | Orc:2    | Noticed an orc high priest
  6990 | Orc:2    | Noticed an orc warlord
  6992 | Orc:2    | Noticed an orc sorcerer
  7008 | Orc:1    | Killed an orc knight
  7201 | Orc:1    | Killed an orc warlord
  7201 | Orc:1    | Reached skill level 10 in Axes
  7201 | Orc:1    | Reached skill level 1 in Invocations
  7411 | Orc:2    | Killed an orc high priest
  7418 | Orc:2    | Noticed a sun demon
  7418 | Orc:2    | Killed an orc sorcerer
  7419 | Orc:2    | Slain by an orc warrior

Vault maps used:
D:1:      tarquinn_simple_flora_water_b, minmay_tripent
D:2:      uniq_robin
D:3:      uniq_natasha, uniq_terence
D:4:      st_stairs_9, minmay_misc_feat_pillars
D:5:      first_bread
D:6:      minmay_misc_feat_chi
D:7:      kennysheep_mini, serial_shops, shop, grunt_livestock,
          uniq_prince_ribbit1
D:8:      basic_altar
D:9:      david_lair_shrubbed, david_orc_4, minmay_misc_feat_roman
Temple:   regret_index_temple_sigil_plot
Orc:1:    basic_altar, minmay_orc_barracks
Orc:2:    grunt_orc_gardens, grunt_orc_garden, grunt_orc_garden,
          grunt_orc_garden, grunt_orc_garden, elf_legates, uniq_josephine

Skill      XL: |  1  2  3  4  5  6  7  8  9 10 11 |
---------------+----------------------------------+-----
Shields        | 4 5 6 7 8 10 | 10.9
Dodging        | 1 2 3 |  3.0
Fighting       | 4 5 6 7 8 9 |  9.0
Axes           | 3 4 5 7 9 10 | 10.1
Armour         | 4 5 6 7 8 |  8.6
Stealth        | 1 |  1.0
Invocations    | 2 |  2.6
Throwing       | |  0.8

Action                   |  1- 3 |  4- 6 |  7- 9 | 10-12 || total
-------------------------+-------+-------+-------+-------++-------
Melee: War axe           |    69 |   128 |   296 |   224 ||   717
       Great mace        |       |       |       |    12 ||    12
Throw: Tomahawk          |       |       |       |     3 ||     3
Invok: Bend Time         |       |       |       |     1 ||     1
  Use: Potion            |     1 |       |       |     3 ||     4
       Scroll            |       |     1 |       |    10 ||    11
  Eat: Chunk             |       |     6 |    10 |     3 ||    19
Armor: Scale mail        |    35 |       |       |       ||    35
       Plate armour      |       |    73 |   173 |   125 ||   371
Dodge: Dodged            |    18 |    18 |    73 |    90 ||   199
Block: Shield            |    34 |    71 |   175 |   195 ||   475
